 Dungeon Crawl Stone Soup version 0.25-a0-443-gece2dee8bd (webtiles) character file.

Game seed: 16473870573048969197, levelgen mode: deterministic

494 Eurus the Magician (level 6, 0/43 HPs)
             Began as a Mummy Conjurer on Jan 30, 2020.
             Slain by an adder (4 damage)
             ... on level 4 of the Dungeon.
             The game lasted 00:12:48 (5645 turns).

Eurus the Magician (Mummy Conjurer)                 Turns: 5645, Time: 00:12:49

Health: 0/43       AC:  2    Str: 11    XL:     6   Next: 92%
Magic:  4/14       EV: 12    Int: 16    God:
Gold:   59         SH:  0    Dex: 13    Spells: 13/16 levels left

rFire    . . .     SeeInvis .   b - +0 dagger
rCold    + . .     Gourm    .   (no shield)
rNeg     + + +     Faith    .   a - +0 robe
rPois    ∞         Spirit   .   (no helmet)
rElec    .         Reflect  .   (no cloak)
rCorr    .         Harm     .   (no gloves)
MR       .....                  (no boots)
Stlth    +.........             (no amulet)
HPRegen  0.14/turn              m - ring of protection from fire
MPRegen  0.14/turn              (no ring)

@: very slow
A: no food or potions, fire vulnerability, cold resistance 1, negative energy
resistance 3, torment resistance, unbreathing
a: no special abilities


You were on level 4 of the Dungeon.
You were not hungry.

You visited 1 branch of the dungeon, and saw 4 of its levels.

You collected 59 gold pieces.

Inventory:

Hand Weapons
 b - a +0 dagger (weapon)
Armour
 a - a +0 robe (worn)
 c - a +0 buckler
 e - a +2 robe of positive energy
Jewellery
 g - an uncursed ring of see invisible {unknown}
 m - a ring of protection from fire (left hand)
Scrolls
 d - a scroll of remove curse
 f - a scroll of identify
 j - 2 scrolls of fog
 k - a scroll of teleportation {unknown}
 l - a scroll of noise {unknown}


   Skills:
 - Level 1.4 Fighting
 - Level 1.5 Dodging
 - Level 1.5 Stealth
 + Level 2.8 Shields
 + Level 5.7 Spellcasting
 + Level 4.7 Conjurations


You had 13 spell levels left.
You knew the following spells:

 Your Spells              Type           Power        Failure   Level  Hunger
a - Magic Dart            Conj           ###.         1%          1    N/A
b - Searing Ray           Conj           ###...       3%          2    N/A

Your spell library contained the following spells:

 Spells                   Type           Power        Failure   Level  Hunger
 Dazzling Flash           Conj/Hex       ##....       16%         3    N/A
 Fulminant Prism          Conj/Hex       ##........   45%         4    N/A
 Iskenderun's Mystic Bla  Conj/Tloc      ##......     45%         4    N/A

Dungeon Overview and Level Annotations

Branches:
Dungeon (4/15)             Temple (0/1) D:4

Altars:
Fedhas
Makhleb
The Shining One

Annotations:
D:2 Sigmund
D:4 exclusions: oklob sapling and upstairs, Natasha


Innate Abilities, Weirdness & Mutations

You do not eat or drink.
Your flesh is vulnerable to fire.
You are immune to poison.
Your flesh is cold resistant. (rC+)
You are immune to negative energy. (rN+++)
You are immune to unholy pain and torment.
You can survive without breathing.


Message History

Aiming: Searing Ray (safe; 3% risk of failure)
Press: ? - help, Shift-Dir - straight line, f - adder
Aim: an adder The searing ray hits the adder!
The adder is almost dead. (Press . to maintain the ray.)
The adder closely misses you.
The searing ray hits the adder.
You kill the adder!
An adder comes into view.
You see here an adder corpse.
The adder hisses angrily.
An adder comes into view.
The adder bites you.
* * * LOW HITPOINT WARNING * * *
The adder closely misses you. The adder barely misses you. The adder bites you.
* * * LOW HITPOINT WARNING * * *
The adder bites you.
You die...

#......##≈≈#≈#≈#####
*≈≈* **≈≈
#......##≈≈≈≈≈≈≈≈≈#
*≈≈****≈≈
##......##########≈#
*≈**≈***≈ ........#
*∩#≈≈≈†≈≈# *≈**≈* *≈
........# *≈#≈#†####
*≈**≈* *≈ ........#
*≈#≈#≈≈≈≈# *≈**≈* *≈
<†......# *≈*≈#≈##≈#
*≈*≈≈***≈ ........#
*≈*≈#SS#≈# *≈*≈*≈≈≈≈
........# *≈*≈##@#≈*
*≈*≈*≈≈≈≈ ........#
*≈≈≈*#≈#≈* **≈≈*≈*≈*
........# ***≈*≈≈#≈*
*≈≈≈***≈* ..#######
**####** *≈*** ***
..#,,,,,* *≈*
..+,,,,,* ***
,,*,,,,,* ,,*******
,**


You could see 2 adders.

Vanquished Creatures
  A phantom (D:4)
  A crimson imp (D:3)
  An orc priest (D:3)
  An orc wizard (D:3)
  Terence (D:2)
  An iguana (D:4)
  A worker ant (D:3)
  A gnoll (D:1)
  A river rat (D:4)
  8 adders
  7 worms
  3 dart slugs
  4 leopard geckos
  12 orcs (D:3)
  A ball python (D:1)
  9 bats
  2 giant cockroaches
  8 goblins
  13 hobgoblins
  6 jackals (D:2)
  9 kobolds
  2 quokkas (D:3)
  9 frilled lizards
  9 rats
111 creatures vanquished.

Notes
Turn   | Place    | Note
-------+----------+-------------------------------------------
     0 | D:1      | Eurus the Mummy Conjurer began the quest for the Orb.
     0 | D:1      | Reached XP level 1. HP: 13/13 MP: 4/4
   283 | D:1      | Reached skill level 3 in Spellcasting
   437 | D:1      | Reached XP level 2. HP: 20/20 MP: 3/6
   665 | D:1      | Reached skill level 1 in Fighting
  1064 | D:1      | Reached XP level 3. HP: 26/26 MP: 1/8
  1160 | D:1      | Learned a level 2 spell: Searing Ray
  1981 | D:2      | Reached XP level 4. HP: 18/32 MP: 2/9
  2127 | D:2      | Reached skill level 4 in Spellcasting
  2139 | D:2      | Found a burning altar of Makhleb.
  2385 | D:2      | Noticed Sigmund
  2396 | D:1      | Reached skill level 1 in Shields
  2496 | D:2      | Noticed Terence
  2548 | D:2      | Killed Terence
  2941 | D:3      | Reached XP level 5. HP: 9/37 MP: 6/11
  4151 | D:3      | Found a blossoming altar of Fedhas.
  4444 | D:3      | Reached skill level 5 in Spellcasting
  4743 | D:3      | Reached XP level 6. HP: 24/43 MP: 6/13
  5013 | D:3      | Found a glowing golden altar of the Shining One.
  5213 | D:4      | Found a staircase to the Ecumenical Temple.
  5233 | D:4      | Noticed Natasha
  5645 | D:4      | Slain by an adder

Levels and vault maps discovered:
D:1:      minmay_arrival_wavy_path, layout_basic, minmay_misc_feat_square,
          dk_noncrumbling_3, minmay_liquid_box
D:2:      layout_loops_ring, old_standard_altar, uniq_terence, uniq_sigmund
D:3:      layout_loops_corners, marbit_many_paths,
          lemuel_coloured_pillars_altar, first_ration
D:4:      layout_gridville, old_standard_altar, minmay_temple_entry_oklob,
          lightli_sewer_entry_pipes, palyth_stone_intersect,
          chequers_serial_rivers_large_b, uniq_natasha

Skill      XL: |  1  2  3  4  5 |
---------------+----------------+-----
Spellcasting   | 3 4 5 |  5.7
Fighting       | 1 |  1.4
Shields        | 1 2 |  2.8
Conjurations   | 4 |  4.7
Dodging        | |  1.5
Stealth        | |  1.5

Action                   |  1- 3 |  4- 6 || total
-------------------------+-------+-------++-------
Melee: Unarmed           |     3 |       ||     3
       Dagger            |    33 |   129 ||   162
 Cast: Magic Dart        |    68 |    77 ||   145
       Searing Ray       |     2 |    26 ||    28
  Use: Scroll            |       |     5 ||     5
 Stab: Sleeping          |     1 |     2 ||     3
Armor: Robe              |     6 |    21 ||    27
Dodge: Dodged            |    28 |    97 ||   125

Table legend:
 A = Non-vault XP
 B = Vault XP
 C = Vault XP percentage of total XP
 D = Non-vault monster count
 E = Vault monster count
 F = Vault count percentage of total count
                 A         B        C        D         E       F
            +---------+---------+-------+---------+---------+-------
      Total |     598 |     108 |  15.3 |      99 |      12 |  10.8
            +---------+---------+-------+---------+---------+-------
        D:1 |      77 |       0 |   0.0 |      26 |       0 |   0.0
        D:2 |      76 |      36 |  32.1 |      31 |       1 |   3.1
        D:3 |     273 |       1 |   0.4 |      39 |       1 |   2.5
        D:4 |     172 |      71 |  29.2 |       3 |      10 |  76.9
            +---------+---------+-------+---------+---------+-------
